Map: Terraform LE

Players

Minato - Winner!

  • Race: Zerg Zerg
  • League: Grandmaster
  • Spawn Location: 5:00

Miszu

  • Race: Terran Terran
  • League: Grandmaster
  • Spawn Location: 11:00

VOD

Have the link to the VOD?

Description

Time

  • Played on: Feb. 10, 2016, 12:09 p.m.
  • Length: 5:45
Show
View Real Time Build Order
Export as new Build Order

Minato Zerg - Winner!

Build Orders: Hatch First 

Get SALT Encoding   

  12  0:01  Drone  
  13  0:13  Overlord  
  13  0:17  Drone  
  14  0:31  Drone x2  
  14  0:35  Drone  
  17  0:52  Hatchery  
  17  0:55  Drone  
  17  0:58  Drone  
  18  1:09  Extractor  
  17  1:14  Spawning Pool  
  17  1:16  Drone  
  17  1:19  Drone  
  18  1:28  Drone  
  19  1:39  Overlord  
  19  2:00  Queen  
  19  2:01  Zergling x4  
  23  2:04  Queen  
  23  2:05  Drone  
  26  2:14  Metabolic Boost  
  26  2:15  Drone x2  
  28  2:25  Drone  
  28  2:28  Drone  
  30  2:33  Drone  
  30  2:36  Queen  
  33  2:40  Queen  
  33  2:41  Drone  
  36  2:46  Overlord  
  35  3:00  Hatchery  
  35  3:02  Overlord  
  34  3:10  Drone x2  
  34  3:11  Drone  
  34  3:12  Zergling x4  
  38  3:17  Zergling x4  
  40  3:24  Drone x3  
  40  3:25  Drone  
  44  3:32  Overlord  
  44  3:33  Drone  
  45  3:35  Extractor  
  45  3:40  Roach Warren  
  43  3:50  Drone x4  
  47  4:02  Overlord x2  
  47  4:03  Drone x2  
  47  4:04  Drone  
  50  4:13  Drone x3  
  50  4:15  Drone  
  54  4:18  Drone  
  54  4:23  Extractor, Roach x3  
  61  4:24  Roach  
  61  4:28  Roach  
  61  4:29  Roach  
  62  4:34  Roach x2  
  66  4:40  Roach x2  
  70  4:45  Overlord x2  
  70  4:47  Zergling x2  
  71  4:53  Zergling x8  
  71  4:55  Zergling x2  
  71  4:58  Zergling x4  
  78  5:00  Zergling x2  
  79  5:09  Zergling x10  
  79  5:11  Ravager  
  85  5:15  Zergling x2  
  85  5:17  Ravager  
  85  5:18  Ravager x2  
  85  5:19  Overlord x2  
  89  5:25  Zergling x6  
  89  5:26  Zergling x2  
Show
View Real Time Build Order
Export as new Build Order

Miszu Terran 

Build Orders:  

Get SALT Encoding   

  12  0:00  SCV  
  13  0:12  SCV  
  14  0:17  Supply Depot  
  14  0:25  SCV  
  15  0:39  SCV  
  15  0:41  Barracks  
  16  0:44  Refinery  
  16  0:51  SCV  
  17  1:03  SCV  
  18  1:15  SCV  
  19  1:28  Orbital Command  
  19  1:30  Barracks Reactor  
  19  1:41  Command Center  
  19  1:54  SCV  
  19  1:55  Supply Depot  
  20  2:06  SCV  
  20  2:08  Reaper x2  
  23  2:18  SCV  
  24  2:30  Command Center  
  24  2:31  SCV  
  25  2:41  Reaper x2  
  25  2:43  SCV  
  28  2:55  SCV  
  28  2:56  Orbital Command  
  29  3:07  SCV  
  30  3:13  Reaper  
  30  3:19  SCV  
  32  3:21  SCV  
  32  3:24  Reaper  
  34  3:28  Refinery  
  34  3:29  Barracks  
  34  3:30  Barracks  
  34  3:31  SCV  
  34  3:33  SCV  
  36  3:42  Orbital Command  
  36  3:43  SCV  
  36  3:45  SCV  
  38  3:54  Factory  
  39  3:55  SCV  
  39  3:57  SCV  
  39  3:59  Marine x2  
  42  4:06  Supply Depot  
  42  4:07  SCV  
  42  4:09  SCV  
  40  4:17  Marine  
  40  4:18  Marine  
  40  4:19  SCV  
  40  4:21  Barracks Tech Lab x2, SCV  
  40  4:29  Orbital Command  
  37  4:32  SCV  
  37  4:33  SCV  
  41  4:40  Starport, Factory Reactor  
  41  4:42  Marine x2  
  41  4:44  SCV  
  42  4:46  SCV  
  42  4:52  Marine x2  
  45  5:00  Marine x2  
  45  5:01  SCV x2  
  45  5:03  Bunker, SCV  
  50  5:07  Supply Depot  
  50  5:10  Marine x2  
  50  5:13  SCV  
  53  5:18  Marine x2, SCV  
  56  5:23  Factory Tech Lab  
  56  5:24  SCV  
  56  5:26  Bunker  
Tags
 
Add a new tag
Caveats
  • Supply blocks, unpowered buildings, or Contaminate may cause inaccurate times.
  • Supply counts are checked every 10 seconds.